 Dungeon Sprint DCSS version 0.31-a0-1204-ge2c1a860ed (webtiles) character file.

Game seed: 5973385153125384712

9 fozzywoppz the Shield-Bearer (level 2, -8/28 HPs)
             Began as a Minotaur Fighter on Dec 12, 2023.
             Mangled by an ogre
             ... wielding a +0 giant club
              (14 damage)
             ... in the Dungeon (Sprint IX: "|||||||||||||||||||||||||||||").
             The game lasted 00:00:21 (24 turns).

fozzywoppz the Shield-Bearer (Minotaur Fighter)       Turns: 24, Time: 00:00:21

Health: -8/28      AC:  7    Str: 20    XL:     2   Next: 6%
Magic:  1/1        EV:  9    Int:  5    God:
Gold:   0          SH:  4    Dex:  9    Spells: 1/1 levels left

rFire   . . .        a - +0 flail
rCold   . . .        c - +0 buckler
rNeg    . . .        b - +0 scale mail
rPois   .            (helmet restricted)
rElec   .            (no cloak)
rCorr   .            (no gloves)
SInv    .            (no boots)
Will    .....        (no amulet) Stlth
                     (no ring)
HPRegen 0.24/turn    (no ring)
MPRegen 0.07/turn

%: no teleportation
@: no status effects
A: horns 2, retaliatory headbutt
a: no special abilities


You were in the Dungeon.
You visited 1 branch

Inventory:

Hand Weapons
 a - a +0 flail (weapon)
Armour
 b - a +0 scale mail (worn)
 c - a +0 buckler (worn)
Scrolls
 j - a scroll of blinking
Potions
 d - a potion of might
 e - a potion of curing
 f - a potion of heal wounds
 g - a potion of haste
 h - 2 potions of magic
 i - a potion of berserk rage


   Skills:
 + Level 4.4 Fighting
 + Level 3.4 Maces & Flails
 + Level 4.4 Armour
 + Level 4.4 Shields


You had one spell level left.
You didn't know any spells.
Your spell library was empty.

Dungeon Overview and Level Annotations

Branches:
Dungeon (1/1)

Altars:


Innate Abilities, Weirdness & Mutations

You have a pair of horns on your head.
You reflexively headbutt those who attack you in melee.


Message History

The goblin hits you with a +0 club.
You sock the goblin!
You kill the goblin!
Your Fighting skill increases to level 4!
Your Maces & Flails skill increases to level 3!
Your Armour skill increases to level 4!
Your Shields skill increases to level 4!
You hit the dart slug. You headbutt the dart slug.
You kill the dart slug!
The rat closely misses you.
Things that are here:
a +0 club; a hobgoblin corpse You sock the rat!
You kill the rat!
You open the door.
A dart slug, an ogre, an iguana, an ice beast and an adder come into view.
The ogre shouts!
The iguana hisses angrily.
The adder hisses angrily.
The iguana hisses menacingly.
You sock the dart slug!
You kill the dart slug!
You have reached level 2!
You aren't carrying any items that you can evoke.
Okay, then.
You hit the ogre.
The ogre is lightly wounded.
The ogre barely misses you.
You hit the ogre.
The ogre is lightly wounded.
The ogre hits you with a +0 giant club!
You sock the ogre!
The ogre is heavily wounded.
The ogre hits you with a +0 giant club!
Ouch! That really hurt!
* * * LOW HITPOINT WARNING * * *
Okay, then.
You sock the ogre!
The ogre is almost dead.
The ogre hits you with a +0 giant club!
Ouch! That really hurt!
You die... ▓▓▓▓▓▓▓▓▓▓▓▓▓▓▓▓▓▓ ▓<...')...@OlYS..+ ▓▓▓▓▓▓▓▓▓▓▓▓▓▓▓▓▓▓

You could see an ice beast, an ogre, an iguana and an adder.

Vanquished Creatures
  2 dart slugs (D)
  A goblin (D)
  A hobgoblin (D)
  A bat (D)
  A rat (D)
6 creatures vanquished.

Notes
Turn   | Place    | Note
-------+----------+-------------------------------------------
     0 | D        | fozzywoppz the Minotaur Fighter began the quest for the
                  | Orb.
     0 | D        | Reached XP level 1. HP: 19/19 MP: 0/0
    18 | D        | Noticed an ogre
    18 | D        | Noticed an iguana
    18 | D        | Noticed an ice beast
    20 | D        | Reached XP level 2. HP: 28/28 MP: 1/1
    24 | D        | Mangled by an ogre

Illustrated notes

Levels and vault maps discovered:
D:        linesprint [early_d, line_temple, items_1, d_10, items_2, lair_1,
          lair_end, items_3, orc_1, orc_end, items_4, d_15, swamp_1, shoals_1,
          snake_1, spider_1, d_20, vaults_1, items_5, swamp_end, shoals_end,
          snake_end, spider_end, vaults_end, d_27, items_6, zot_1, zot_end,
          crypt_end, forest_end, elf_end, slime_end, tomb_end, abyss_end,
          pan_hell_end]

Skill      XL: |  1 |
---------------+----+-----
Fighting       | 4 |  4.4
Maces & Flails | 3 |  3.4
Armour         | 4 |  4.4
Shields        | 4 |  4.4

Action                     || total
---------------------------++-------
  Melee: Flail             ||    13
         Headbutt          ||     2
 Armour: Scale mail        ||     7
  Dodge: Dodged            ||     5

Table legend: (Time is in decaauts)
 A = Elapsed time spent in this place.
 B = Non-inter-level travel time spent in this place.
 C = Inter-level travel time spent in this place.
 D = Time resting spent in this place.
 E = Time spent auto-exploring this place.
 F = Levels seen in this place.
 G = Mean time per level.
                   A        B        C        D        E       F      G
               +--------+--------+--------+--------+--------+-----+--------+
         Total |     27 |     27 |      0 |      0 |      0 |   1 |   27.0 |
       Dungeon |     27 |     27 |      0 |      0 |      0 |   1 |   27.0 |
               +--------+--------+--------+--------+--------+-----+--------+

Top non-repeatable levels by time:
       D: 27 daAuts
